AoeStats
← Blazing Cartesia, The Virtuous

Arabia

510324661Analyzed
1v1 RM · 1d ago on Sep 30, 2026· 48m 13s· 2 players
Game mode
Random Map
Map size
Tiny (2 player)
Population
200
Speed
Normal
Resources
Standard
Victory
Conquest
Starting age
Dark Age
Ending age
Imperial Age
RankedLock teamsTeams togetherTeam positionsShared explorationLock speedFull tech treeHidden civsTurbo modeCheats
Victory
Defeat
1264
+15
🇧🇷 Slavs · Brazil
1235
-15
PNLN | texugo do mel
6:58 Loom
9:31 Feudal Age
10:12 Double-Bit Axe
10:16 Horse Collar
17:43 Forging
18:26 Bloodlines
23:30 Castle Age
21:49 Scale Barding Armor
24:43 Chain Barding Armor
25:30 Husbandry
31:21 Bow Saw
35:20 Wheelbarrow
34:47 Heavy Plow
36:11 Iron Casting
45:18 Imperial Age
43:09 Gold Mining
45:01 Ballistics
46:59 Chemistry
45:55 Heavy Scorpion
46:04 Cavalier
Blazing Cartesia, The Virtuous
6:15 Loom
9:25 Feudal Age
10:02 Double-Bit Axe
10:34 Horse Collar
15:03 Fletching
17:56 Wheelbarrow
21:02 Castle Age
19:28 Gold Mining
20:19 Bloodlines
21:57 Bow Saw
21:50 Heavy Plow
26:22 Ballistics
26:13 Pikeman
27:30 Hand Cart
29:36 Bodkin Arrow
31:49 Husbandry
32:09 Scale Mail Armor
34:35 Gold Shaft Mining
39:22 Chain Mail Armor
45:19 Imperial Age
44:07 Masonry
44:37 Corvinian Army
45:54 Scale Barding Armor
45:36 Halberdier
46:21 Bracer
46:44 Siege Engineers
46:20 Onager
Connection lost

Rejoining the realm…

Still unreachable

The connection could not be restored.

Session expired

The server has moved on; the page needs a fresh start.